 Dungeon Crawl Stone Soup version 0.28-a0-957-g42eb19b844 (webtiles) character file.

Game seed: 7998940447081345882

101 Hipnos the Magician (level 4, -3/24 HPs)
             Began as a Deep Elf Fire Elementalist on Nov 30, 2021.
             Slain by an adder (4 damage)
             ... on level 3 of the Dungeon.
             The game lasted 00:03:33 (2046 turns).

Hipnos the Magician (Deep Elf Fire Elementalist)    Turns: 2046, Time: 00:03:34

Health: -3/24      AC:  2    Str:  5    XL:     4   Next: 48%
Magic:  0/12       EV: 12    Int: 28    God:
Gold:   12         SH:  0    Dex: 15    Spells: 3/12 levels left

rFire   . . .      SeeInvis .   c - +0 short sword
rCold   . . .      Faith    .   (no shield)
rNeg    . . .      Spirit   .   a - +0 robe
rPois   .          Reflect  .   (no helmet)
rElec   .          Harm     .   (no cloak)
rCorr   .          Rampage  .   (no gloves)
Will    .....                   (no boots)
Stlth   ++........              (no amulet)
HPRegen 0.08/turn               d - +6 ring of intelligence
MPRegen 0.13/turn               (no ring)

@: mighty, lethally poisoned (-3 -> -7), hasted, very quick
A: no striking features
a: no special abilities


You were on level 3 of the Dungeon.
You visited 1 branch of the dungeon, and saw 4 of its levels.

You collected 12 gold pieces.

Inventory:

Hand Weapons
 c - a +0 short sword (weapon)
Armour
 a - a +0 robe (worn)
Jewellery
 d - a +6 ring of intelligence (left hand)
Scrolls
 e - a scroll of identify {unknown}


   Skills:
 + Level 2.5 Dodging
 - Level 2.6 Stealth
 + Level 4.9 Spellcasting
 + Level 2.0 Conjurations
 + Level 4.3 Fire Magic


You had 3 spell levels left.
You knew the following spells:

 Your Spells              Type           Power      Damage    Failure   Level
a - Foxfire               Conj/Fire      96%        2x1d8     1%          1
b - Scorch                Fire           62%        2d8       1%          2
c - Conjure Flame         Conj/Fire      24%        6-21      5%          3
d - Inner Flame           Hex/Fire       19%        N/A       9%          3

Your spell library contained the following spells:

 Spells                   Type           Power      Damage    Failure   Level
 Corpse Rot               Necr/Air       12%        N/A       11%         2
 Flame Wave               Conj/Fire      24%        2d6       19%         4
 Dispel Undead            Necr           6%         3d8       56%         4
 Death Channel            Necr           3%         N/A       100%        6


Dungeon Overview and Level Annotations

Branches:
Dungeon (4/15)
 Temple: D:4-7

Altars:

Shops:
D:2 !   D:4 *


Message History

Your foxfire dissipates!
An adder comes into view.
The foxfire hits the hobgoblin.
The hobgoblin is almost dead.
The hobgoblin barely misses you.
You conjure some foxfire!
An adder comes into view.
The orc barely misses you. The orc closely misses your foxfire.
The hobgoblin hits you.
An endoplasm comes into view.
The foxfire hits the hobgoblin.
You kill the hobgoblin!
The foxfire hits the orc.
The orc is lightly wounded.
An orc comes into view. It is wielding a +0 short sword.
You conjure some foxfire!
The orc shouts!
The orc closely misses you.
An orc comes into view. It is wielding a +0 short sword.
You conjure some foxfire!
The foxfire hits the adder.
The adder is heavily wounded.
The adder bites you. The orc hits you with a +0 hand axe!
The orc closely misses your foxfire. x2; The adder bites you.
* * * LOW HITPOINT WARNING * * *
You are lethally poisoned!
The adder poisons you!
It was a potion of might.
You feel very mighty all of a sudden.
* * * LOW HITPOINT WARNING * * *
You feel sick.
The foxfire hits the adder.
The adder is heavily wounded.
The foxfire hits the adder.
The adder is moderately wounded.
The foxfire hits the adder.
You kill the adder!
The adder closely misses you. The orc closely misses you.
It was a potion of haste.
You feel yourself speed up.
* * * LOW HITPOINT WARNING * * *
You feel sick. The adder bites you.
You die...

##### ##.S.##
#ยง@o.)#
#.....o.o...o
#.J...#####..
##...## ##.##
#.# #.' #.#


You could see an adder, 3 orcs and an endoplasm.

Vanquished Creatures
  An orc wizard (D:3)
  An adder (D:3)
  A worm (D:2)
  A dart slug (D:2)
  4 bats (D:1)
  2 endoplasms (D:1)
  A giant cockroach (D:2)
  3 goblins
  3 hobgoblins
  16 jackals
  5 kobolds
  4 quokkas
  5 ball pythons
  2 frilled lizards
  5 rats
54 creatures vanquished.

Vanquished Creatures (others)
  242 foxfires
  3 plants (D:4)
245 creatures vanquished.

Grand Total: 299 creatures vanquished

Notes
Turn   | Place    | Note
-------+----------+-------------------------------------------
     0 | D:1      | Hipnos the Deep Elf Fire Elementalist began the quest for
                  | the Orb.
     0 | D:1      | Reached XP level 1. HP: 10/10 MP: 6/6
   249 | D:1      | Reached XP level 2. HP: 15/15 MP: 4/8
   777 | D:1      | Reached XP level 3. HP: 19/19 MP: 7/10
  1415 | D:1      | Learned a level 2 spell: Scorch
  1419 | D:1      | Learned a level 3 spell: Conjure Flame
  1423 | D:1      | Learned a level 3 spell: Inner Flame
  1639 | D:2      | Found Miyxkeit's Distillery.
  1855 | D:2      | You fall into a shaft and drop 2 floors!
  1926 | D:4      | Found Fioddila's Assorted Antiques.
  2039 | D:3      | Reached XP level 4. HP: 22/24 MP: 3/12
  2045 | D:3      | HP: 1/24 [poisoned by an adder]
  2046 | D:3      | Slain by an adder

Illustrated notes

Levels and vault maps discovered:
D:1:      pf_arrival_petrified_forest, layout_basic,
          hangedman_abyss_or_decor_stabs, dk_noncrumbling_2,
          minmay_misc_feat_secret_circle, lemuel_old_faithful
D:2:      layout_loops_ring, serial_shops, nicolae_diamond_shop
D:3:      minmay_octagon_keep, layout_basic, mainiacjoe_overflow_catwalk
D:4:      layout_basic, grunt_temple_overflow_open, serial_corexii_hall,
          chequers_hall_statues_wall_a, chequers_hall_statues_corner_a,
          corexii_hall_statues_s, chequers_hall_statues_wall_a,
          chequers_hall_statues_corner_a, corexii_hall_statues_t, serial_shops,
          nicolae_shop_overgrown_old_shop, chequers_serial_rivers_room_a

Skill      XL: |  1  2  3 |
---------------+----------+-----
Fire Magic     | 4 |  4.3
Spellcasting   | 4 |  4.9
Conjurations   | 2 |  2.0
Dodging        | |  2.5
Stealth        | |  2.6

Action                   |  1- 3 |  4- 6 || total
-------------------------+-------+-------++-------
Melee: Short sword       |     3 |       ||     3
 Cast: Foxfire           |   144 |     4 ||   148
       Scorch            |     2 |       ||     2
  Use: Potion            |       |     2 ||     2
Armor: Robe              |     5 |       ||     5
Dodge: Dodged            |    12 |     6 ||    18

Table legend: (Time is in decaauts)
 A = Elapsed time spent in this place.
 B = Non-inter-level travel time spent in this place.
 C = Inter-level travel time spent in this place.
 D = Time resting spent in this place.
 E = Time spent auto-exploring this place.
 F = Levels seen in this place.
 G = Mean time per level.
                   A        B        C        D        E       F      G
               +--------+--------+--------+--------+--------+-----+--------+
         Total |   2044 |   2024 |     20 |      0 |   1731 |   4 |  511.0 |
       Dungeon |   2044 |   2024 |     20 |      0 |   1731 |   4 |  511.0 |
               +--------+--------+--------+--------+--------+-----+--------+

Top non-repeatable levels by time:
     D:1: 1446 daAuts
     D:2: 408 daAuts
     D:4: 176 daAuts
     D:3: 13 daAuts
